 Dungeon Crawl Stone Soup version 0.16.1-51-g6203257 (webtiles) character file.

197 MiaIshata the Skirmisher (level 5, 0/44 HPs)
             Began as a Demonspawn Abyssal Knight on Aug 10, 2015.
             Was a Priest of Lugonu.
             Succumbed to Robin's poison
             ... on level 3 of the Dungeon.
             The game lasted 00:11:03 (2090 turns).

MiaIshata the Skirmisher (DsAK)                     Turns: 2090, Time: 00:11:03

Health: 0/44       AC:  5    Str: 13    XL:     5   Next: 46%
Magic:  8/8        EV: 12    Int: 13    God:    Lugonu [***...]
Gold:   118        SH:  0    Dex: 13    Spells: 0 memorised, 4 levels left

rFire  . . .     SeeInvis .     a - +1 spear
rCold  . . .     Rnd*Rage +     b - +0 leather armour
rNeg   . . .     SustAb   .     (no shield)
rPois  +         Gourm    .     (no helmet)
rElec  .         Spirit   .     (no cloak)
rCorr  .         Warding  .     (no gloves)
rMut   .         Stasis   .     (no boots)
MR     .....                    (no amulet)
Stlth  +.........               (no ring)
                                d - ring of flight

@: lethally poisoned (0 -> -4), not resistant to hostile enchantments, very
unstealthy
A: claws 1, rugged brown scales 2, berserk 1, poison resistance, wild magic 1
a: Depart the Abyss, Bend Space, Banish, Renounce Religion, Evoke Flight


You were on level 3 of the Dungeon.
You worshipped Lugonu.
Lugonu was most pleased with you.
You were not hungry.

You visited 1 branch of the dungeon, and saw 3 of its levels.
You visited the Abyss 1 time.

You collected 118 gold pieces.

Inventory:

Hand weapons
 a - a +1 spear (weapon)
 l - a +0 halberd
 m - a +0 halberd
Armour
 b - a +0 leather armour (worn)
Jewellery
 d - a ring of flight (left claw)
Scrolls
 f - a scroll of teleportation
 j - a scroll of random uselessness
Potions
 h - 2 potions of restore abilities
Comestibles
 c - a royal jelly


   Skills:
 + Level 4.0 Fighting
 + Level 2.5 Polearms
 + Level 2.5 Armour
 + Level 2.5 Dodging
 + Level 0.4 Stealth
 * Level 3.6 Invocations


You had 4 spell levels left.
You didn't know any spells.

Dungeon Overview and Level Annotations

Branches:
Dungeon (3/15)

Altars:


Innate Abilities, Weirdness & Mutations

You have sharp fingernails.
You are mostly covered in rugged brown scales (AC +2, +5% HP).
You tend to lose your temper in combat.
Your system is resistant to poisons.
Your spells are a little harder to cast, but a little more powerful.


Message History

You feel sick. The adder closely misses you.
Items here: ) / [[ † a spear of venom; an animal skin; a helmet; a wand of digging {zapped: 2} the hobgoblin corpse of Robin The adder bites you.
* * * LOW HITPOINT WARNING * * *
The goblin wields a hunting sling.
The goblin shoots a stone.
The stone hits you but does no damage.
You see here a stone.
You are too injured to fight recklessly!
Drink which item? (? for menu, Esc to quit)
It was a potion of magic.
Magic courses through your body.
* * * LOW HITPOINT WARNING * * *
You feel sick. The adder barely misses you. The adder misses you.
You are too injured to fight recklessly!
You are too injured to fight recklessly!
You are too injured to fight recklessly!
* * * LOW HITPOINT WARNING * * *
You feel sick.
The goblin shoots a stone.
The stone barely misses you.
You die...

### #.# #.# #.#
############ #.#
#.......<..###.# #
#.#######)#.##.####.....
#..)gS.@)..(....
#####..#..#.###.
...........
######........ .....##.
....... ?..#.# ...#. ..


You could see an adder and a goblin.

Vanquished Creatures
  Sigmund (D:2)
  A hound (D:3)
  Robin (D:3)
  3 gnolls (D:2)
  An ooze (D:1)
  4 bats
  8 hobgoblins
  4 jackals (D:2)
  4 giant cockroaches (D:1)
  3 giant newts (D:1)
  11 goblins
  5 kobolds (D:1)
  A quokka (D:2)
  6 rats
53 creatures vanquished.

Notes
Turn   | Place    | Note
--------------------------------------------------------------
     0 | Abyss:1  | MiaIshata, the Demonspawn Abyssal Knight, began the quest for the Orb.
     0 | Abyss:1  | Reached XP level 1. HP: 18/18 MP: 1/1
    13 | D:1      | Escaped the Abyss
   172 | D:1      | Reached skill level 1 in Dodging
   175 | D:1      | Gained mutation: You have sharp fingernails. [demonic ancestry]
   175 | D:1      | Reached XP level 2. HP: 14/24 MP: 2/2
   294 | D:1      | Acquired Lugonu's second power
   660 | D:1      | Gained mutation: Your system is resistant to poisons. [potion of mutation]
   660 | D:1      | Gained mutation: You tend to lose your temper in combat. [potion of mutation]
   660 | D:1      | Gained mutation: Your spells are a little harder to cast, but a little more powerful. [potion of mutation]
  1274 | D:2      | Gained mutation: You are partially covered in rugged brown scales (AC +1, +3% HP). [demonic ancestry]
  1274 | D:2      | Reached XP level 3. HP: 14/29 MP: 4/4
  1463 | D:2      | Gained mutation: You are mostly covered in rugged brown scales (AC +2, +5% HP). [demonic ancestry]
  1463 | D:2      | Reached XP level 4. HP: 9/38 MP: 5/5
  1592 | D:2      | Noticed Sigmund
  1666 | D:2      | Killed Sigmund
  1666 | D:2      | Acquired Lugonu's third power
  1666 | D:2      | Reached XP level 5. HP: 16/44 MP: 5/8
  1795 | D:3      | Reached skill level 4 in Fighting
  2049 | D:3      | Noticed Robin
  2084 | D:3      | Killed Robin
  2086 | D:3      | HP: 2/44 [adder (3)]
  2090 | D:3      | Succumbed to Robin's poison

Action                   |  1- 3 |  4- 6 || total
-------------------------+-------+-------++-------
Melee: Spear             |   148 |    59 ||   207
Invok: Bend Space        |       |     1 ||     1
  Use: Potion            |     4 |     7 ||    11
       Scroll            |     1 |     3 ||     4
 Stab: Sleeping          |     1 |       ||     1
  Eat: Bread ration      |     1 |       ||     1
       Meat ration       |       |     1 ||     1
       Chunk             |       |     1 ||     1
